PAAA
BLOOMINGTON LONGNECKS @ BATON ROUGE BRASS
06/30/2042
 
TOP OF THE 1ST
Bloomington Longnecks batting - Pitching for Baton Rouge Brass : RHP Labeeb bin Muneer
Pitching: RHP Labeeb bin Muneer
Batting: LHB Sherman Kline 0-0: Ball
1-0: Foul Ball, location: 2F
1-1: Ball
2-1: Called Strike
2-2: Ball
3-2: Base on Balls
Batting: RHB Dylan Stavely 0-0: Ball
1-0: Called Strike
1-1: Ball
2-1: Ball
3-1: Foul Ball, location: 2F
3-2: Fielders Choice at 2nd, 6-4 (Groundball, 56, EV 105.0 MPH)
Batting: LHB Leonid Machehin 0-0: Foul Ball, location: 2F
0-1: Fly out, F8 (Flyball, 8RS, EV 88.1 MPH)
Batting: LHB John Schaefer 0-0: Called Strike
0-1: Called Strike
0-2: Ball
1-2: Foul Ball, location: 2F
1-2: Strikes out swinging
Top of the 1st over - 0 runs, 0 hits, 0 errors, 1 left on base; Bloomington 0 - Baton Rouge 0
BOTTOM OF THE 1ST
Baton Rouge Brass batting - Pitching for Bloomington Longnecks : LHP António Arellano
Pitching: LHP António Arellano
Batting: RHB Júlio Sahagún 0-0: Ball
1-0: Ball
2-0: Called Strike
2-1: Ball
3-1: Called Strike
3-2: Ground out 4-3 (Groundball, 4, EV 85.0 MPH)
Batting: RHB Travis Murphy 0-0: SINGLE (Groundball, 6MD, EV 102.5 MPH)
Batting: RHB John Clark 0-0: Ball
1-0: Ball
2-0: SINGLE (Flyball, 89S, EV 93.8 MPH)
Travis Murphy to second
Batting: RHB Tae-gyoon Ch'oe 0-0: Called Strike
0-1: Ball
1-1: Ball
2-1: Ball
3-1: Called Strike
3-2: Strikes out looking
Batting: RHB Jamy Geertsen 0-0: Called Strike
0-1: Ball
1-1: Ball
2-1: Ball
3-1: Foul Ball, location: 2F
3-2: Foul Ball, location: 2F
3-2: Foul Ball, location: 2F
3-2: Base on Balls
Travis Murphy to third
John Clark to second
Batting: LHB Dave Summers 0-0: Called Strike
0-1: Called Strike
0-2: SINGLE (Groundball, 34D, EV 111.2 MPH)
Travis Murphy scores
John Clark to third
Jamy Geertsen to second
Runner from 3rd tries for Home, SAFE, throw by RF to home
Batting: RHB John Birges 0-0: Ball
1-0: Called Strike
1-1: Foul Ball, location: 2F
1-2: Fielders Choice at 2nd, 6-4 (Groundball, 6, EV 84.4 MPH)
Bottom of the 1st over - 2 runs, 3 hits, 0 errors, 2 left on base; Bloomington 0 - Baton Rouge 2
TOP OF THE 2ND
Bloomington Longnecks batting - Pitching for Baton Rouge Brass : RHP Labeeb bin Muneer
Batting: RHB Ignacio Páez 0-0: Foul Ball, location: 2F
0-1: Ground out 3-1 (Groundball, 34, EV 90.6 MPH)
Batting: RHB Dao-zi Zhan 0-0: Ball
1-0: Ball
2-0: Ground out 1-3 (Groundball, 13S, EV 73.8 MPH)
Batting: RHB Orlando Velásquez 0-0: Called Strike
0-1: Foul Ball, location: 2F
0-2: Foul Ball, location: 2F
0-2: Ball
1-2: SINGLE (Flyball, 89S, EV 96.9 MPH)
Batting: RHB Júlio Rodríguez 0-0: Called Strike
0-1: Called Strike
0-2: Ball
1-2: Fly out, F4 (Popup, 4MD, EV 56.9 MPH)
Top of the 2nd over - 0 runs, 1 hit, 0 errors, 1 left on base; Bloomington 0 - Baton Rouge 2
BOTTOM OF THE 2ND
Baton Rouge Brass batting - Pitching for Bloomington Longnecks : LHP António Arellano
Batting: RHB Vitorio Flores 0-0: Ball
1-0: Called Strike
1-1: Hit by Pitch
Batting: LHB Jorge Castillo 0-0: Swinging Strike
0-1: Called Strike
0-2: Ball
1-2: Foul Ball, location: 2F
1-2: Ball
2-2: Ball
3-2: Base on Balls
Vitorio Flores to second
Batting: RHB Júlio Sahagún 0-0: Ball
1-0: Ball
2-0: Called Strike
2-1: Swinging Strike
2-2: Fly out, F6 (Line Drive, 6, EV 76.2 MPH)
Batting: RHB Travis Murphy 0-0: Ball
1-0: SINGLE (Line Drive, 78S, EV 106.2 MPH)
Vitorio Flores to third
Jorge Castillo to second
Batting: RHB John Clark 0-0: Ball
1-0: Ball
2-0: Ball
3-0: Base on Balls
Vitorio Flores scores
Jorge Castillo to third
Travis Murphy to second
Batting: RHB Tae-gyoon Ch'oe 0-0: Ball
1-0: Called Strike
1-1: Ball
2-1: Grounds into double play, 6-4-3 (Groundball, 6M, EV 85.6 MPH)
Bottom of the 2nd over - 1 run, 1 hit, 0 errors, 2 left on base; Bloomington 0 - Baton Rouge 3
TOP OF THE 3RD
Bloomington Longnecks batting - Pitching for Baton Rouge Brass : RHP Labeeb bin Muneer
Batting: RHB James Strickland 0-0: Ball
1-0: Ball
2-0: Ball
3-0: Base on Balls
Batting: LHB Sherman Kline 0-0: Ball
1-0: Swinging Strike
1-1: Ball
2-1: Ball
3-1: Foul Ball, location: 2F
3-2: Strikes out swinging
Batting: RHB Dylan Stavely 0-0: Swinging Strike
0-1: Ball
1-1: Called Strike
1-2: Foul Ball, location: 2F
1-2: Ball
2-2: Foul Ball, location: 2F
2-2: Foul Ball, location: 2F
2-2: Ball
James Strickland steals 2nd base
3-2: Foul Ball, location: 2F
3-2: Strikes out swinging
Batting: LHB Leonid Machehin 0-0: Swinging Strike
0-1: Ball
1-1: Ball
2-1: Fly out, F8 (Flyball, 8RS, EV 88.1 MPH)
Top of the 3rd over - 0 runs, 0 hits, 0 errors, 1 left on base; Bloomington 0 - Baton Rouge 3
BOTTOM OF THE 3RD
Baton Rouge Brass batting - Pitching for Bloomington Longnecks : LHP António Arellano
Batting: RHB Jamy Geertsen 0-0: Ball
1-0: Ball
2-0: Ball
3-0: Base on Balls
Batting: LHB Dave Summers 0-0: Called Strike
0-1: 2-RUN HOME RUN (Line Drive, 9LD, EV 100.6 MPH), Distance : 338 ft
Pitching: LHP Neal Burns
Batting: RHB John Birges 0-0: Ball
1-0: Ball
2-0: Called Strike
2-1: Foul Ball, location: 2F
2-2: Ball
3-2: Foul Ball, location: 2F
3-2: SINGLE (Line Drive, 7S, EV 96.9 MPH)
Batting: RHB Vitorio Flores 0-0: Called Strike
0-1: SINGLE (Line Drive, 78S, EV 93.1 MPH)
John Birges to second
Batting: LHB Jorge Castillo 0-0: Called Strike
0-1: Ball
1-1: SINGLE (Line Drive, 6D, EV 93.8 MPH)
John Birges to third
Vitorio Flores to second
Batting: RHB Júlio Sahagún 0-0: SINGLE (Flyball, 7LS, EV 93.8 MPH)
John Birges scores
Vitorio Flores to third
Jorge Castillo to second
Batting: RHB Travis Murphy 0-0: Ball
1-0: Foul Ball, location: 2F
1-1: Swinging Strike
1-2: Ball
2-2: Ball
3-2: Foul Ball, location: 2F
3-2: Grounds into double play, 5-4-3 (Groundball, 56, EV 85.6 MPH)
Vitorio Flores scores
Jorge Castillo to third
Batting: RHB John Clark 0-0: Called Strike
0-1: Fly out, F4 (Popup, 34D, EV 61.9 MPH)
Bottom of the 3rd over - 4 runs, 5 hits, 0 errors, 1 left on base; Bloomington 0 - Baton Rouge 7
TOP OF THE 4TH
Bloomington Longnecks batting - Pitching for Baton Rouge Brass : RHP Labeeb bin Muneer
Batting: LHB John Schaefer 0-0: Ball
1-0: Ball
2-0: Called Strike
2-1: Swinging Strike
2-2: Ground out 1-3 (Groundball, 13, EV 86.2 MPH)
Batting: RHB Ignacio Páez 0-0: Swinging Strike
0-1: Ball
1-1: Foul Ball, location: 2F
1-2: Foul Ball, location: 2F
1-2: Strikes out swinging
Batting: RHB Dao-zi Zhan 0-0: Ball
1-0: Foul Ball, location: 2F
1-1: Ball
2-1: Ball
3-1: Foul Ball, location: 2F
3-2: Ground out 5-3 (Groundball, 5S, EV 63.1 MPH)
Top of the 4th over - 0 runs, 0 hits, 0 errors, 0 left on base; Bloomington 0 - Baton Rouge 7
BOTTOM OF THE 4TH
Baton Rouge Brass batting - Pitching for Bloomington Longnecks : LHP Neal Burns
Batting: RHB Tae-gyoon Ch'oe 0-0: Called Strike
0-1: Called Strike
0-2: Foul Ball, location: 2F
0-2: SINGLE (Groundball, 6D, EV 100.0 MPH)
Batting: RHB Jamy Geertsen 0-0: 2-RUN HOME RUN (Flyball, 7D, EV 98.8 MPH), Distance : 390 ft
Batting: LHB Dave Summers 0-0: Ball
1-0: Swinging Strike
1-1: Foul Ball, location: 2F
1-2: Ball
2-2: Foul Ball, location: 2F
2-2: Foul Ball, location: 2F
2-2: Strikes out looking
Batting: RHB John Birges 0-0: Hit by Pitch
Batting: RHB Vitorio Flores 0-0: Ball
1-0: Fly out, F8 (Flyball, 8RD, EV 94.4 MPH)
Batting: LHB Jorge Castillo 0-0: Foul Ball, location: 2F
0-1: Ball
1-1: Swinging Strike
1-2: Strikes out swinging
Bottom of the 4th over - 2 runs, 2 hits, 0 errors, 1 left on base; Bloomington 0 - Baton Rouge 9
TOP OF THE 5TH
Bloomington Longnecks batting - Pitching for Baton Rouge Brass : RHP Labeeb bin Muneer
Batting: RHB Orlando Velásquez 0-0: Foul Ball, location: 2F
0-1: Ball
1-1: Swinging Strike
1-2: Strikes out swinging
Batting: RHB Júlio Rodríguez 0-0: Called Strike
0-1: Foul Ball, location: 2F
0-2: Ball
1-2: Strikes out swinging
Batting: RHB James Strickland 0-0: Called Strike
0-1: SINGLE (Groundball, 4MD, EV 102.5 MPH)
Batting: LHB Sherman Kline 0-0: Ball
1-0: Ball
2-0: Foul Ball, location: 2F
2-1: DOUBLE (Flyball, 89D, EV 85.6 MPH)
James Strickland to third
Runner from 3rd tries for Home, SAFE, no throw by CF
Batting: RHB Dylan Stavely 0-0: Ball
1-0: Fly out, F9 (Flyball, 9S, EV 90.0 MPH)
Top of the 5th over - 1 run, 2 hits, 0 errors, 1 left on base; Bloomington 1 - Baton Rouge 9
BOTTOM OF THE 5TH
Baton Rouge Brass batting - Pitching for Bloomington Longnecks : LHP Neal Burns
Batting: RHB Júlio Sahagún 0-0: Swinging Strike
0-1: Ball
1-1: Foul Ball, location: 2F
1-2: Foul Ball, location: 2F
1-2: SINGLE (Groundball, 6D, EV 105.6 MPH)
Batting: RHB Travis Murphy 0-0: Ball
1-0: Called Strike
1-1: Ball
2-1: Foul Ball, location: 2F
2-2: Fly out, F3 (Popup, 3, EV 57.5 MPH)
Pitching: RHP Salvador Sagastizabal
Batting: RHB John Clark 0-0: Ball
1-0: Ball
2-0: Ball
3-0: Called Strike
3-1: Foul Ball, location: 2F
3-2: Strikes out swinging
Batting: RHB Tae-gyoon Ch'oe 0-0: Called Strike
0-1: Called Strike
Júlio Sahagún steals 2nd base (no throw)
0-2: Ball
1-2: Ball
2-2: Ball
3-2: SINGLE (Groundball, 4D, EV 103.8 MPH)
Júlio Sahagún to third
Júlio Sahagún scores
Batting: RHB Jamy Geertsen 0-0: Ball
1-0: Ball
2-0: Ball
3-0: Base on Balls
Tae-gyoon Ch'oe to second
Batting: LHB Dave Summers 0-0: SINGLE (Groundball, 34D, EV 103.8 MPH)
Tae-gyoon Ch'oe to third
Jamy Geertsen to second
Runner from 3rd tries for Home, SAFE, throw by RF to home
Batting: RHB John Birges 0-0: Ball
1-0: SINGLE (Groundball, 56D, EV 94.4 MPH)
Jamy Geertsen to third
Dave Summers to second
Runner from 3rd tries for Home, SAFE, no throw by LF
Batting: RHB Vitorio Flores 0-0: Ball
1-0: Ball
2-0: Called Strike
2-1: Fielders Choice at 2nd, 6-4 (Groundball, 6, EV 88.8 MPH)
Bottom of the 5th over - 3 runs, 4 hits, 0 errors, 2 left on base; Bloomington 1 - Baton Rouge 12
TOP OF THE 6TH
Bloomington Longnecks batting - Pitching for Baton Rouge Brass : RHP Labeeb bin Muneer
Batting: LHB Leonid Machehin 0-0: Ball
1-0: Ball
2-0: Foul Ball, location: 2F
2-1: Ball
3-1: Foul Ball, location: 2F
3-2: SINGLE (Line Drive, 8RS, EV 103.1 MPH)
Batting: LHB John Schaefer 0-0: Ball
1-0: Called Strike
1-1: Fly out, F8 (Flyball, 8LD, EV 103.8 MPH)
Batting: RHB Ignacio Páez 0-0: Called Strike
0-1: Foul Ball, location: 2F
0-2: Strikes out looking
Pitching: RHP Mihai Dumitru
Batting: RHB Dao-zi Zhan 0-0: Ball
1-0: Ball
2-0: Ball
3-0: Base on Balls
Leonid Machehin to second
Batting: RHB Orlando Velásquez 0-0: Ball
1-0: Called Strike
1-1: Ball
2-1: Ball
3-1: Swinging Strike
3-2: Base on Balls
Leonid Machehin to third
Dao-zi Zhan to second
Batting: RHB Júlio Rodríguez 0-0: Ball
1-0: SINGLE (Flyball, 9LM, EV 88.1 MPH)
Leonid Machehin scores
Dao-zi Zhan to third
Orlando Velásquez to second
Runner from 3rd tries for Home, SAFE, no throw by RF
Batting: RHB James Strickland 0-0: Called Strike
0-1: Ball
1-1: Ball
2-1: Swinging Strike
2-2: Foul Ball, location: 2F
2-2: Ball
3-2: Base on Balls
Orlando Velásquez to third
Júlio Rodríguez to second
Batting: LHB Sherman Kline 0-0: Foul Ball, location: 2F
0-1: Ball
1-1: Foul Ball, location: 2F
1-2: Foul Ball, location: 2F
1-2: Ball
2-2: Strikes out swinging
Top of the 6th over - 2 runs, 2 hits, 0 errors, 3 left on base; Bloomington 3 - Baton Rouge 12
BOTTOM OF THE 6TH
Baton Rouge Brass batting - Pitching for Bloomington Longnecks : RHP Salvador Sagastizabal
Batting: LHB Jorge Castillo 0-0: Foul Ball, location: 2F
0-1: Foul Ball, location: 2F
0-2: Ball
1-2: Ball
2-2: Strikes out swinging
Batting: RHB Júlio Sahagún 0-0: Ball
1-0: Foul Ball, location: 2F
1-1: SINGLE (Line Drive, 8LS, EV 101.9 MPH)
Batting: RHB Travis Murphy 0-0: Ball
Júlio Sahagún steals 2nd base
1-0: Ground out 6-3 (Groundball, 56, EV 105.6 MPH)
Batting: RHB John Clark 0-0: Ball
1-0: Ball
2-0: Called Strike
2-1: Foul Ball, location: 2F
2-2: Ball
3-2: Foul Ball, location: 2F
3-2: Base on Balls
Batting: RHB Tae-gyoon Ch'oe 0-0: Called Strike
0-1: Swinging Strike
0-2: Fielders Choice at 2nd, 6-4 (Groundball, 6, EV 92.5 MPH)
Bottom of the 6th over - 0 runs, 1 hit, 0 errors, 2 left on base; Bloomington 3 - Baton Rouge 12
TOP OF THE 7TH
Bloomington Longnecks batting - Pitching for Baton Rouge Brass : RHP Mihai Dumitru
Pinch Hitting: LHB Archie Hillson 0-0: Called Strike
0-1: SOLO HOME RUN (Flyball, 9D, EV 90.0 MPH), Distance : 370 ft
Pinch Hitting: LHB Sean Cox 0-0: DOUBLE (Line Drive, 78D, EV 106.2 MPH)
Batting: LHB John Schaefer 0-0: Fly out, F9 (Flyball, 9LMF, EV 90.6 MPH)
Batting: RHB Ignacio Páez 0-0: Foul Ball, location: 2F
0-1: Ball
1-1: SINGLE (Flyball, 89M, EV 91.2 MPH)
Sean Cox to third
Runner from 3rd tries for Home, SAFE, throw by RF to home
Pinch Hitting: RHB Charles Sheffield 0-0: Foul Ball, location: 2F
0-1: Ball
1-1: Fly out, F8 (Flyball, 8LXD, EV 86.9 MPH)
Pinch Hitting: RHB Noah Bushby 0-0: Called Strike
0-1: Foul Ball, location: 2F
0-2: Ball
1-2: DOUBLE (Line Drive, 7LM, EV 103.8 MPH)
Ignacio Páez to third
Batting: RHB Júlio Rodríguez 0-0: Ground out 1-3 (Groundball, P, EV 69.4 MPH)
Top of the 7th over - 2 runs, 4 hits, 0 errors, 2 left on base; Bloomington 5 - Baton Rouge 12
BOTTOM OF THE 7TH
Baton Rouge Brass batting - Pitching for Bloomington Longnecks : RHP Salvador Sagastizabal
Now at 1B: Noah Bushby
Now at 2B: Charles Sheffield
Now in LF: Tuputahi Cani
Now in CF: Archie Hillson
Pinch Hitting: RHB Albert Seals 0-0: Ball
1-0: Swinging Strike
1-1: Called Strike
1-2: Foul Ball, location: 2F
1-2: Fly out, F9 (Flyball, 9S, EV 90.6 MPH)
Pinch Hitting: RHB Tim O'Brian 0-0: Fly out, F7 (Flyball, 7, EV 92.5 MPH)
Batting: RHB John Birges 0-0: Ball
1-0: Swinging Strike
1-1: Ball
2-1: Foul Ball, location: 2F
2-2: Foul Ball, location: 2F
2-2: Ball
3-2: Strikes out looking
Bottom of the 7th over - 0 runs, 0 hits, 0 errors, 0 left on base; Bloomington 5 - Baton Rouge 12
TOP OF THE 8TH
Bloomington Longnecks batting - Pitching for Baton Rouge Brass : RHP Mihai Dumitru
Now at 3B: Pancho Espinoza
Now in RF: Albert Seals
Batting: RHB James Strickland 0-0: Ball
1-0: Swinging Strike
1-1: Ball
2-1: SINGLE (Flyball, 89S, EV 82.5 MPH)
Batting: LHB Sherman Kline 0-0: Ball
1-0: Called Strike
1-1: Foul Ball, location: 2F
1-2: Ball
2-2: Ball
3-2: Foul Ball, location: 2F
3-2: Foul Ball, location: 2F
3-2: Base on Balls
James Strickland to second
Batting: LHB Archie Hillson 0-0: Fly out, F9 (Flyball, 9S, EV 70.0 MPH)
Batting: RHB Tuputahi Cani 0-0: Ball
1-0: SINGLE (Groundball, 5D, EV 96.2 MPH)
James Strickland to third
Sherman Kline to second
Runner from 3rd tries for Home, SAFE, no throw by LF
Pitching: LHP Gilberto Chávez
Batting: LHB John Schaefer 0-0: Fly out, F8 (Flyball, 8RM, EV 81.9 MPH)
Batting: RHB Ignacio Páez 0-0: Ball
1-0: Fielders Choice at 2nd, 5-4 (Groundball, 56, EV 100.6 MPH)
Top of the 8th over - 1 run, 2 hits, 0 errors, 2 left on base; Bloomington 6 - Baton Rouge 12
BOTTOM OF THE 8TH
Baton Rouge Brass batting - Pitching for Bloomington Longnecks : RHP Salvador Sagastizabal
Pitching: RHP Georges Cormier
Batting: RHB Vitorio Flores 0-0: Called Strike
0-1: Foul Ball, location: 2F
0-2: Ball
1-2: Strikes out looking
Batting: LHB Jorge Castillo 0-0: Ball
1-0: Ball
2-0: Single, Error in OF, E9, batter to second base (Groundball, 4D, EV 105.0 MPH)
Batting: RHB Júlio Sahagún 0-0: Ball
1-0: Called Strike
1-1: Ball
2-1: Foul Ball, location: 2F
2-2: SINGLE (Line Drive, 78M, EV 106.2 MPH)
Jorge Castillo to third
Batting: RHB Travis Murphy 0-0: DOUBLE (Flyball, 8RXD, EV 96.2 MPH)
Jorge Castillo scores
Júlio Sahagún to third
Batting: RHB John Clark 0-0: Called Strike
0-1: Foul Ball, location: 2F
0-2: Strikes out swinging
Batting: RHB Tae-gyoon Ch'oe 0-0: Foul Ball, location: 2F
0-1: Ball
1-1: Swinging Strike
1-2: Strikes out swinging
Bottom of the 8th over - 1 run, 3 hits, 1 error, 2 left on base; Bloomington 6 - Baton Rouge 13
TOP OF THE 9TH
Bloomington Longnecks batting - Pitching for Baton Rouge Brass : LHP Gilberto Chávez
Batting: RHB Charles Sheffield 0-0: Called Strike
0-1: Foul Ball, location: 2F
0-2: Ball
1-2: Strikes out swinging
Batting: RHB Noah Bushby 0-0: Ball
1-0: Ball
2-0: Ball
3-0: Base on Balls
Batting: RHB Júlio Rodríguez 0-0: Swinging Strike
0-1: Ball
1-1: Ball
2-1: Foul Ball, location: 2F
2-2: Foul Ball, location: 2F
2-2: Ball
3-2: SINGLE (Groundball, 6D, EV 95.6 MPH)
Noah Bushby to second
Batting: RHB James Strickland 0-0: Called Strike
0-1: Ball
1-1: Ball
2-1: Ball
3-1: Swinging Strike
3-2: Base on Balls
Noah Bushby to third
Júlio Rodríguez to second
Batting: LHB Sherman Kline 0-0: Foul Ball, location: 2F
0-1: Ball
1-1: Ball
2-1: Ball
3-1: SINGLE (Groundball, 4MD, EV 106.9 MPH)
Noah Bushby scores
Júlio Rodríguez to third
James Strickland to second
Batting: LHB Archie Hillson 0-0: Called Strike
0-1: Swinging Strike
0-2: Strikes out swinging
Batting: RHB Tuputahi Cani 0-0: SINGLE (Groundball, 56D, EV 101.9 MPH)
Júlio Rodríguez scores
James Strickland to third
Sherman Kline to second
Pitching: RHP Taalay Ibragimov
Batting: LHB John Schaefer 0-0: Foul Ball, location: 2F
0-1: Ball
1-1: Foul Ball, location: 2F
1-2: Ground out U3 (Groundball, 3, EV 81.2 MPH)
Top of the 9th over - 2 runs, 3 hits, 0 errors, 3 left on base; Bloomington 8 - Baton Rouge 13
Friday, March 26th, 2021 - OOTP Baseball 20.8 Build 74